 Dungeon Crawl Stone Soup version 0.31-a0-983-g7b6862f502 (webtiles) character file.

Game seed: 11099271943578863777

412 LeprechaunX the Changeling (level 6, -4/42 HPs)
             Began as an Octopode Shapeshifter on Nov 2, 2023.
             Slain by a gnoll
             ... wielding a +0 halberd
              (12 damage)
             ... on level 5 of the Dungeon.
             The game lasted 00:03:04 (3489 turns).

LeprechaunX the Changeling (Octopode Shapeshifter)  Turns: 3489, Time: 00:03:04

Health: -4/42      AC:  1    Str: 13    XL:     6   Next: 90%
Magic:  6/6        EV: 13    Int: 13    God:
Gold:   183        SH:  0    Dex: 13    Spells: 5/5 levels left

rFire   . .          .
                       - Unarmed
rCold   . . .        (no shield)
rNeg    . . .        (helmet currently unavailable)
rPois   .            (no amulet)
rElec   .            e - ring of resist corrosion
rCorr   +            (no ring)
SInv    .            (no ring)
Will    .....        (no ring)
Stlth   ++           (no ring)
HPRegen 0.27/turn    (no ring)
MPRegen 0.10/turn    (no ring)
                     (no ring)

%: no passive effects
@: beast-form
A: beast (slay +3), almost no armour, amphibious, 8 rings, camouflage 1,
gelatinous body 1, (nimble swimmer 1), tentacles
a: Begin Untransformation


You were on level 5 of the Dungeon.
You were a hulking beast.
You visited 1 branch of the dungeon, and saw 5 of its levels.

You collected 183 gold pieces.

Inventory:

Hand Weapons
 g - a +0 sling
Jewellery
 e - a ring of resist corrosion (left tentacle)
 w - a +5 ring of evasion
Talismans
 b - a beast talisman
 c - a flux talisman
Scrolls
 d - 2 scrolls of fear {unknown}
 f - a scroll of enchant weapon {unknown}
 h - a scroll of noise {unknown}
 i - 3 scrolls of identify {unknown}
 j - 2 scrolls of enchant armour {unknown}
 k - a scroll of torment {unknown}
 l - a scroll of amnesia {unknown}
 m - a scroll of fog {unknown}
 n - 2 scrolls of vulnerability {unknown}
 r - a scroll of immolation {unknown}
 u - a scroll of brand weapon {unknown}
Potions
 a - a potion of lignification
 o - 3 potions of degeneration {unknown}
 p - 2 potions of brilliance {unknown}
 q - 3 potions of curing {unknown}
 s - a potion of enlightenment {unknown}
 t - a potion of attraction {unknown}
 v - 2 potions of might {unknown}
 x - a potion of haste {unknown}


   Skills:
 + Level 3.4 Fighting
 - Level 2.0 Dodging
 + Level 4.4 Unarmed Combat
 * Level 5.3 Shapeshifting


You had 5 spell levels left.
You didn't know any spells.
Your spell library contained the following spells:

 Spells                   Type           Power      Damage    Failure   Level
 Magic Dart               Conj           0%         1d3       30%         1
 Lesser Beckoning         Tloc           0%         N/A       43%         2
 Searing Ray              Conj           0%         2d4       43%         2
 Gell's Gravitas          Tloc           0%         N/A       67%         3
 Teleport Other           Tloc           0%         N/A       67%         3
 Fulminant Prism          Conj/Hex       0%         3d5       97%         4


Dungeon Overview and Level Annotations

Branches:
Dungeon (5/15)
 Temple: D:4-7

Altars:
Qazlal
Zin
The Shining One


Innate Abilities, Weirdness & Mutations

You are a hulking beast.
Your limbs bulge with bestial killing power. (Slay +3)
You cannot wear most types of armour.
You are amphibious.
You can wear up to eight rings at the same time.
Your skin changes colour to match your surroundings (Stealth+).
Your rubbery body absorbs attacks. (AC +1, EV +1)
((You are camouflaged when in or above water. (Stealth+)))
You have tentacles for arms and can constrict up to eight enemies at once.


Message History

You tentacle-slap the hound. You squeeze the hound.
The hound is heavily wounded.
You constrict the hound, but do no damage.
The hound closely misses you.
You tentacle-slap the hound. You squeeze the hound.
You kill the hound!
A gnoll comes into view. It is wielding a +0 halberd.
The gnoll shouts!
You see here a hound corpse.
The gnoll hits you from afar with a +0 halberd!
Found a quarterstaff and a scroll labelled NADDAE LIWE.
The gnoll hits you with a +0 halberd.
A gnoll comes into view. It is wielding a +0 halberd.
The gnoll shouts!
You tentacle-slap the gnoll. You grab the gnoll.
The gnoll is moderately wounded.
You constrict the gnoll. The gnoll closely misses you.
A gnoll comes into view. It is wielding a +0 halberd.
The gnoll shouts!
You bludgeon the gnoll!
You kill the gnoll!
The gnoll attacks as it pursues you! The gnoll closely misses you.
The gnoll attacks as it pursues you! The gnoll barely misses you.
You see here a hound corpse.
The gnoll attacks as it pursues you!
The gnoll hits you from afar with a +0 halberd!
You see here a hound corpse.
The gnoll closely misses you.
The gnoll hits you from afar with a +0 halberd!
* * * LOW HITPOINT WARNING * * *
You see here a hound corpse.
You bludgeon the gnoll! You grab the gnoll.
The gnoll is heavily wounded.
You constrict the gnoll. The gnoll closely misses you.
The gnoll barely misses you.
You tentacle-slap the gnoll.
The gnoll is almost dead.
You constrict the gnoll, but do no damage.
The gnoll hits you with a +0 halberd!
You die...

##.# .# #.# #.# . ...# #
####.###.###..## ####
#.##..............
#............ ..#
####...###.###..#
#########.(...$......#
..(.>..............#.# #
.########..####†##.#.##.#
.# #..# #.hgg.)...# .#
#..# ####.#.##.# .# #..#
#.#).# .# #...
............... .# ##.##
####.#......P.. .# ...
......~~~~..# ## #.#
###.......P..#
##.?.~~~~..# #.........#


You could see 2 gnolls.

Vanquished Creatures
  A scorpion (D:4)
  A jelly (D:4)
  5 hounds
  An iguana (D:4)
  A gnoll (D:5)
  5 adders
  2 ufetubi (D:4)
  2 worms
  2 dart slugs (D:2)
  An orc (D:4)
  4 bats
  8 endoplasms
  6 giant cockroaches
  6 goblins
  9 hobgoblins
  4 jackals (D:4)
  5 kobolds
  2 quokkas
  6 ball pythons
  7 frilled lizards
  5 rats
83 creatures vanquished.

Vanquished Creatures (others)
  A jelly (D:5)
1 creature vanquished.

Grand Total: 84 creatures vanquished

Notes
Turn   | Place    | Note
-------+----------+-------------------------------------------
     0 | D:1      | LeprechaunX the Octopode Shapeshifter began the quest for
                  | the Orb.
     0 | D:1      | Reached XP level 1. HP: 13/13 MP: 1/1
   246 | D:1      | Reached XP level 2. HP: 18/18 MP: 2/2
   248 | D:1      | Found a faded altar of an unknown god.
   652 | D:1      | Reached XP level 3. HP: 10/23 MP: 3/3
  1371 | D:2      | Reached XP level 4. HP: 29/29 MP: 4/4
  1649 | D:3      | Found a glowing golden altar of the Shining One.
  1949 | D:3      | Reached skill level 4 in Shapeshifting
  2392 | D:4      | Found a glowing silver altar of Zin.
  2464 | D:4      | Reached XP level 5. HP: 35/35 MP: 5/5
  2672 | D:4      | Reached XP level 6. HP: 28/41 MP: 6/6
  3012 | D:4      | Found a stormy altar of Qazlal.
  3333 | D:5      | Entered Level 5 of the Dungeon
  3344 | D:5      | Reached skill level 5 in Shapeshifting
  3489 | D:5      | Slain by a gnoll

Illustrated notes

Levels and vault maps discovered:
D:1:      dpeg_arrival_simpleton_c, layout_basic, shapermc_ecumenical_altar_gd,
          minmay_small_reverse_x
D:2:      layout_loops_ring, dreamdust_princess_corridor
D:3:      layout_basic, tso_metal_star
D:4:      layout_cave_pods, mainiacjoe_overflow_concentric_impassable,
          mainiacjoe_overflow_paths
D:5:      layout_loops_ring, dreamdust_gnoll_farm

Skill      XL: |  1  2  3  4  5  6 |
---------------+-------------------+-----
Fighting       | 2 3 |  3.4
Shapeshifting  | 4 5 |  5.3
Unarmed Combat | 4 |  4.4
Dodging        | |  2.0

Action                     |  1- 3 |  4- 6 || total
---------------------------+-------+-------++-------
  Melee: Unarmed           |    67 |    94 ||   161
         Constrict         |    16 |    23 ||    39
         Punch             |     3 |     4 ||     7
         Tentacles         |    11 |    22 ||    33
   Stab: Sleeping          |    13 |     7 ||    20
         Distracted        |     1 |       ||     1
 Armour: Skin              |    21 |    48 ||    69
  Dodge: Dodged            |    41 |    62 ||   103

Table legend: (Time is in decaauts)
 A = Elapsed time spent in this place.
 B = Non-inter-level travel time spent in this place.
 C = Inter-level travel time spent in this place.
 D = Time resting spent in this place.
 E = Time spent auto-exploring this place.
 F = Levels seen in this place.
 G = Mean time per level.
                   A        B        C        D        E       F      G
               +--------+--------+--------+--------+--------+-----+--------+
         Total |   3476 |   3323 |    153 |      0 |   2822 |   5 |  695.2 |
       Dungeon |   3476 |   3323 |    153 |      0 |   2822 |   5 |  695.2 |
               +--------+--------+--------+--------+--------+-----+--------+

Top non-repeatable levels by time:
     D:4: 1172 daAuts
     D:1: 985 daAuts
     D:2: 612 daAuts
     D:3: 551 daAuts
     D:5: 154 daAuts
